 Dungeon Crawl Stone Soup version 0.25.1-2-g60ff931df9 (webtiles) character file.

Game seed: 7124105075103429754

34138 Acheron the Slicer (level 14, 0/82 HPs)
             Began as a Kobold Artificer on Oct 13, 2020.
             Was a High Priest of Okawaru.
             Slain by a naga warrior
             ... wielding a +0 dire flail of protection
              (21 damage)
             ... on level 2 of the Snake Pit on Oct 16, 2020.
             The game lasted 02:48:21 (22242 turns).

Acheron the Slicer (Kobold Artificer)              Turns: 22242, Time: 02:48:21

Health: 0/82       AC: 19    Str: 11    XL:     14   Next: 11%
Magic:  21/23      EV: 24    Int: 13    God:    Okawaru [*****.]
Gold:   847        SH: 13    Dex: 18    Spells: 15/25 levels left

rFire    + . .     SeeInvis .   z - +6 short sword (venom)
rCold    + . .     Gourm    .   D - +0 buckler
rNeg     . . .     Faith    .   V - +0 acid dragon scales
rPois    +         Spirit   .   s - +0 helmet
rElec    .         Reflect  +   E - +2 cloak {rPois}
rCorr    +         Harm     .   U - +0 pair of gloves {archery}
MR       ++...                  p - +2 pair of boots
Stlth    ++++++....             a - amulet of reflection
HPRegen  0.23/turn              (no ring)
MPRegen  0.18/turn              K - ring of protection from magic

@: lethally poisoned (0 -> -1), heroism
A: small, carnivore, cold resistance 1, fire resistance 1
a: Heroism, Finesse, Renounce Religion


You were on level 2 of the Snake Pit.
You worshipped Okawaru.
Okawaru was extremely pleased with you.
You were not hungry.

You visited 4 branches of the dungeon, and saw 22 of its levels.

You collected 847 gold pieces.

Inventory:

Hand Weapons
 n - a +0 war axe
 t - a +1 dagger of holy wrath
 x - a +0 hunting sling
 z - a +6 short sword of venom (weapon)
 O - a +2 mace of protection
 Q - a +1 vampiric spear
 S - a +4 hand axe
Missiles
 j - 139 sling bullets
 l - 10 atropa-tipped darts (quivered)
 m - 150 stones
 o - 81 poisoned darts
 u - 6 curare-tipped darts
 C - 4 boomerangs
 J - 9 throwing nets
Armour
 p - a +2 pair of boots (worn)
 s - a +0 helmet (worn)
 D - a +0 buckler (worn)
 E - a +2 cloak of poison resistance (worn)
 H - a +0 crystal plate armour
 U - a +0 pair of gloves of archery (worn)
 V - +0 acid dragon scales (worn)
Magical Staves
 F - an uncursed staff of death
Jewellery
 a - an amulet of reflection (around neck)
 k - an uncursed ring of resist corrosion
 K - a ring of protection from magic (right hand)
 P - an uncursed amulet of regeneration
Wands
 c - a wand of flame (14)
 d - a wand of enslavement (13)
 e - a wand of random effects (90)
 y - a wand of polymorph (10)
 M - a wand of acid (9)
 N - a wand of clouds (7)
 X - a wand of disintegration (9)
Scrolls
 h - 12 scrolls of remove curse
 q - 3 scrolls of magic mapping
 w - 9 scrolls of identify
 A - 4 scrolls of amnesia
 B - 7 scrolls of fear
 T - a scroll of teleportation
 W - a scroll of fog
Potions
 b - 3 potions of resistance
 g - 4 potions of magic
 i - 3 potions of flight
 r - 6 potions of stabbing
 v - a potion of might
 G - 7 potions of curing
 I - 2 potions of berserk rage
 L - a potion of cancellation
 R - 3 potions of brilliance
Comestibles
 f - 33 rations


   Skills:
 * Level 7.2(12.2) Fighting
 - Level 12.0(17.0) Short Blades
 * Level 5.0(10.0) Axes
 + Level 6.4(11.4) Throwing
 * Level 6.2(11.2) Armour
 * Level 8.0(13.0) Dodging
 * Level 9.4(14.4) Stealth
 * Level 4.2(9.2) Shields
 * Level 6.3 Spellcasting
 * Level 2.4 Conjurations
 * Level 1.8 Hexes
 * Level 5.2 Summonings
 * Level 5.0 Necromancy
 * Level 2.0 Translocations
 * Level 3.2 Air Magic
 * Level 3.8 Invocations
 * Level 8.3 Evocations


You had 15 spell levels left.
You knew the following spells:

 Your Spells              Type           Power        Failure   Level  Hunger
a - Animate Skeleton      Necr           N/A          3%          1    None
b - Pain                  Necr           ###.         3%          1    None
c - Call Imp              Summ           ###.....     4%          2    #......
d - Vampiric Draining     Necr           ###.......   9%          3    ###....
e - Shock                 Conj/Air       ##..         8%          1    None
f - Apportation           Tloc           #.....       11%         1    None
g - Corona                Hex            #......      11%         1    None

Your spell library contained the following spells:

 Spells                   Type           Power        Failure   Level  Hunger
 Summon Small Mammal      Summ           ###.         2%          1    None
 Call Canine Familiar     Summ           ###.....     8%          3    ###....
 Summon Guardian Golem    Hex/Summ       ##......     16%         3    ###....
 Swiftness                Chrm/Air       #.......     19%         2    #......
 Static Discharge         Conj/Air       ##......     22%         3    ###....
 Animate Dead             Necr           N/A          28%         4    ####...
 Summon Lightning Spire   Summ/Air       ###.....     38%         4    ####...
 Airstrike                Air            ##........   52%         4    ####...
 Summon Ice Beast         Ice/Summ       ##......     61%         4    ####...
 Agony                    Necr           ###.....     63%         5    ######.
 Lightning Bolt           Conj/Air       ##........   90%         5    ######.


Dungeon Overview and Level Annotations

Branches:
Dungeon (12/15)            Temple (1/1) D:4            Lair (6/6) D:11
 Shoals (0/4) Lair:3        Snake (3/4) Lair:4
  Slime: Lair:5-6       Orc: D:9-12

Altars:
Ashenzari
Cheibriados
Dithmenos
Elyvilon
Fedhas
Gozag
Hepliaklqana
Kikubaaqudgha
Makhleb
Nemelex Xobeh
Okawaru
Qazlal
Ru
Sif Muna
Trog
Uskayaw
Vehumet
Wu Jian
Xom
Yredelemnul
Zin
The Shining One

Shops:
D:7 (   Snake:2 :

Annotations:
D:3 exclusion: downstairs
D:5 1 runed translucent door, doomsgape's ghost, novice TeFi
D:8 exclusions: downstairs and upstairs
D:11 3 runed translucent doors, Exporg's ghost, novice GnSk; Zuyruq's ghost, journeyman DsFi; lllmatko's ghost, journeyman MiBe
Lair:4 2 transporters, HunfridMar's ghost, journeyman DECj
Snake:1 exclusion: downstairs
Snake:2 exclusion: downstairs


Innate Abilities, Weirdness & Mutations

You are small and have problems with some larger weapons.
You are carnivorous and can eat meat at any time.
Your flesh is cold resistant. (rC+)
Your flesh is heat resistant. (rF+)


Message History

The splash of poison misses you.
You feel much better.
You feel like a meek peon again.
You feel sick. The naga warrior barely misses you.
* * * LOW HITPOINT WARNING * * *
The naga warrior constricts you. The naga closely misses you.
You escape the naga warrior's grasp.
You gain the combat prowess of a mighty hero.
You feel sick.
You hit the naga warrior but do no damage.
The naga warrior is severely wounded.
The naga warrior spits poison at you. The splash of poison misses you.
You barely miss the naga warrior.
The naga warrior is almost dead.
Unknown command.
You puncture the naga warrior!
The naga warrior is almost dead.
The naga warrior hits you with a +0 dire flail of protection!!
You die...

##..#..Z..#.#.....#Z..
######...#.##....#.##
.#..##.....####.#...
[.#...##.#####.###...
.##........#.##.#....
..#........##....##...
####.#........#.).##.##.#
#....#>.......#.........#
####...#..@.....#....#..).#
#..#...##N#######....#....#
#..N....#N......#######....
#N.#.N..##.###..#.....#....
#...##....)..# #.....###.#
#... #.#.##..# #..........
#...S ###....##
..#....###### #.... ##...#
.............. ...## #...#
#..#....#.....


You could see a naga warrior (very poisoned, catching breath) and a naga.

Vanquished Creatures
  A hydra (Lair:1)
  A naga warrior (Snake:1)
  2 anacondas
  2 two-headed ogres (D:9)
  3 shock serpents
  A lindwurm (Lair:5)
  A naga ritualist (Snake:2)
  3 mana vipers
  A salamander (Snake:2)
  2 elephants (Lair:5)
  5 black mambas
  9 spiny frogs
  Maggie (Lair:2)
  2 naga magi
  3 komodo dragons
  5 trolls
  3 merfolk (Lair:3)
  A hornet (D:8)
  7 hippogriffs
  A shadow (D:10)
  A hungry ghost (D:7)
  7 yaks
  10 nagas
  6 water moccasins
  5 orc warriors
  4 porcupines
  2 black bears
  3 ice beasts
  7 phantoms
  4 sky beasts
  2 eyes of draining
  A necrophage (D:8)
  3 ogres
  7 centaurs
  9 wolves
  7 crocodiles
  17 bullfrogs
  A gnoll sergeant (D:9)
  6 scorpions
  14 wights
  4 killer bees (D:8)
  3 howler monkeys
  An electric eel (D:9)
  5 crimson imps
  3 jellies
  6 hounds
  A gnoll shaman (D:8)
  6 orc priests
  7 iguanas
  3 bullfrog skeletons
  6 centaur skeletons
  11 orc wizards
  10 worker ants
  A killer bee zombie (D:9)
  2 hound zombies
  3 hound skeletons
  A howler monkey zombie (D:6)
  Robin (D:2)
  14 gnolls
  13 adders
  3 howler monkey skeletons
  9 river rats (D:5)
  2 shadow imps (D:8)
  An ooze (D:1)
  An adder zombie (D:9)
  3 worms
  3 dart slugs
  6 leopard geckos
  43 orcs
  3 ball pythons
  6 giant cockroaches
  16 goblins
  10 hobgoblins
  19 jackals
  10 quokkas
  6 bats
  5 frilled lizards
  A giant cockroach zombie (D:1)
  12 kobolds
  A quokka skeleton (D:8)
  A quokka zombie (D:1)
  20 rats
452 creatures vanquished.

Vanquished Creatures (collateral kills)
  2 hydras (Lair:1)
  2 naga sharpshooters (Snake:1)
  A shock serpent (Snake:1)
  2 black mambas
  A guardian serpent (Snake:2)
  A polar bear (Lair:4)
  A merfolk (Lair:3)
  A hippogriff (D:10)
  A yak (Lair:1)
  A water moccasin (Lair:5)
  4 nagas
  A porcupine (Lair:4)
  A crocodile (Lair:1)
  2 wights
  A hound (Lair:1)
  An orc priest (D:9)
  An orc wizard (D:10)
  A hound skeleton (D:11)
  3 orcs
  2 fungi (Lair:1)
30 creatures vanquished.

Vanquished Creatures (others)
  3 fungi
  2 plants
  4 withered plants
9 creatures vanquished.

Grand Total: 491 creatures vanquished

Notes
Turn   | Place    | Note
-------+----------+-------------------------------------------
     0 | D:1      | Acheron the Kobold Artificer began the quest for the Orb.
     0 | D:1      | Reached XP level 1. HP: 12/12 MP: 3/3
   292 | D:1      | Reached XP level 2. HP: 16/16 MP: 4/4
   567 | D:1      | Reached XP level 3. HP: 20/20 MP: 6/6
  1151 | D:2      | Reached skill level 2 in Short Blades
  1151 | D:2      | Reached skill level 1 in Throwing
  1151 | D:2      | Reached XP level 4. HP: 25/25 MP: 7/7
  1324 | D:2      | Noticed Robin
  1335 | D:2      | Killed Robin
  1353 | D:2      | Reached XP level 5. HP: 22/29 MP: 8/8
  1565 | D:3      | Reached skill level 1 in Armour
  1635 | D:3      | Found an ornate altar of the Wu Jian Council.
  1813 | D:3      | Reached skill level 1 in Spellcasting
  2155 | D:4      | Found a blossoming altar of Fedhas.
  3001 | D:2      | Reached skill level 3 in Short Blades
  3247 | D:2      | Reached XP level 6. HP: 35/35 MP: 9/9
  3512 | D:5      | Entered Level 5 of the Dungeon
  3563 | D:5      | Found a runed translucent door.
  3563 | D:5      | Noticed doomsgape's ghost (novice TeFi)
  3635 | D:5      | Found a shimmering blue altar of Sif Muna.
  3647 | D:5      | Reached skill level 4 in Short Blades
  3786 | D:6      | Noticed an ogre
  3788 | D:6      | Killed an ogre
  3788 | D:6      | Reached XP level 7. HP: 40/40 MP: 10/10
  3872 | D:5      | Reached skill level 1 in Axes
  4435 | D:5      | Reached skill level 5 in Short Blades
  4435 | D:5      | Reached XP level 8. HP: 27/45 MP: 11/11
  5200 | D:6      | Reached skill level 6 in Short Blades
  5200 | D:6      | Reached skill level 5 in Evocations
  5959 | D:8      | Noticed a hippogriff
  5984 | D:8      | Reached XP level 9. HP: 28/51 MP: 13/13
  5991 | D:8      | Reached skill level 7 in Short Blades
  5994 | D:8      | Reached skill level 5 in Stealth
  6024 | D:8      | Killed a hippogriff
  6056 | D:8      | Found an opulent altar of Gozag.
  6408 | D:7      | HP: 2/52 [orc warrior/cursed -1 scimitar (10)]
  6409 | D:7      | Reached skill level 8 in Short Blades
  7116 | D:9      | Noticed a hippogriff
  7116 | D:9      | Noticed a troll
  7354 | D:7      | Reached skill level 5 in Dodging
  7354 | D:7      | Reached XP level 10. HP: 47/58 MP: 15/15
  7538 | D:7      | Learned a level 1 spell: Animate Skeleton
  7540 | D:7      | Learned a level 1 spell: Pain
  7543 | D:7      | Learned a level 2 spell: Call Imp
  7563 | D:7      | Found a basalt altar of Yredelemnul.
  7749 | D:7      | Reached skill level 9 in Short Blades
  8135 | D:7      | Found Bioh's Antique Weapon Shop.
  8938 | D:4      | Found a staircase to the Ecumenical Temple.
  8963 | D:4      | Reached skill level 1 in Summonings
  9073 | D:4      | Reached skill level 1 in Necromancy
  9301 | D:4      | You fall into a shaft and drop 1 floor!
  9444 | Temple   | Entered the Ecumenical Temple
  9451 | Temple   | Became a worshipper of Warmaster Okawaru
  9877 | D:8      | Gained mutation: Your flesh is cold resistant. (rC+)
                  | [potion of mutation]
  9877 | D:8      | Gained mutation: Your flesh is heat resistant. (rF+)
                  | [potion of mutation]
 10280 | D:8      | Reached skill level 5 in Fighting
 10769 | D:9      | Noticed a two-headed ogre
 10879 | D:9      | Reached * piety under Okawaru
 10985 | D:9      | Reached skill level 5 in Armour
 11020 | D:8      | Reached skill level 10 in Short Blades
 11204 | D:8      | Reached XP level 11. HP: 63/63 MP: 17/17
 11553 | D:9      | Reached ** piety under Okawaru
 11822 | D:10     | Entered Level 10 of the Dungeon
 12031 | D:9      | Killed a two-headed ogre
 12417 | D:9      | Noticed a two-headed ogre
 12420 | D:9      | Killed a two-headed ogre
 12420 | D:9      | Reached skill level 5 in Throwing
 12543 | D:10     | Reached *** piety under Okawaru
 12935 | D:10     | Reached skill level 1 in Shields
 13155 | D:11     | Reached **** piety under Okawaru
 13163 | D:11     | Found a runed translucent gate.
 13163 | D:11     | Found a runed translucent gate.
 13163 | D:11     | Found a runed translucent gate.
 13164 | D:11     | Noticed Exporg's ghost (novice GnSk)
 13165 | D:11     | Noticed lllmatko's ghost (journeyman MiBe)
 13165 | D:11     | Noticed Zuyruq's ghost (journeyman DsFi)
 13187 | D:11     | Reached skill level 1 in Invocations
 13567 | D:10     | Reached XP level 12. HP: 68/68 MP: 12/19
 13710 | D:11     | Noticed a six-headed hydra
 13738 | D:11     | Found a staircase to the Lair.
 13743 | Lair:1   | Entered Level 1 of the Lair of Beasts
 13743 | Lair:1   | Noticed a four-headed hydra
 13794 | Lair:1   | Killed a four-headed hydra
 13814 | Lair:1   | Learned a level 3 spell: Vampiric Draining
 13816 | Lair:1   | Noticed a four-headed hydra
 13828 | Lair:1   | Killed a four-headed hydra
 13828 | Lair:1   | Reached skill level 11 in Short Blades
 13828 | Lair:1   | Reached skill level 5 in Spellcasting
 13905 | Lair:1   | Noticed a four-headed hydra
 13918 | Lair:1   | Killed a four-headed hydra
 14408 | Lair:2   | Noticed Maggie
 14857 | Lair:2   | Reached ***** piety under Okawaru
 14857 | Lair:2   | Received a gift from Okawaru
 14932 | Lair:3   | Learned a level 1 spell: Shock
 15124 | Lair:3   | Found a staircase to the Shoals.
 15264 | Lair:2   | Killed Maggie
 16632 | Lair:3   | Reached XP level 13. HP: 75/75 MP: 21/21
 17096 | Lair:5   | Learned a level 1 spell: Apportation
 17098 | Lair:5   | Learned a level 1 spell: Corona
 17141 | Lair:5   | Reached skill level 1 in Conjurations
 17411 | Lair:5   | Reached skill level 1 in Air Magic
 17734 | Lair:5   | Noticed a catoblepas
 17802 | Lair:6   | Entered Level 6 of the Lair of Beasts
 17830 | Lair:6   | Received a gift from Okawaru
 18159 | Lair:4   | Reached skill level 1 in Hexes
 18625 | Lair:4   | Noticed HunfridMar's ghost (journeyman DECj)
 18732 | Lair:4   | Found a transporter.
 18732 | Lair:4   | Found a transporter.
 18825 | Lair:4   | Reached skill level 1 in Translocations
 18828 | Lair:4   | Found a staircase to the Snake Pit.
 19170 | Lair:1   | Received a gift from Okawaru
 19427 | Snake:1  | Entered Level 1 of the Snake Pit
 19735 | Snake:1  | Noticed an anaconda
 19756 | Snake:1  | Killed an anaconda
 19756 | Snake:1  | Received a gift from Okawaru
 19756 | Snake:1  | Reached skill level 5 in Summonings
 20708 | Snake:1  | Received a gift from Okawaru
 20720 | Snake:1  | Noticed a naga warrior
 20751 | Snake:1  | Killed a naga warrior
 21089 | Snake:1  | Received a gift from Okawaru
 21230 | Snake:2  | Reached skill level 12 in Short Blades
 21504 | Snake:3  | Noticed a naga warrior
 21534 | Snake:2  | Found Paathus's Book Emporium.
 21749 | Snake:2  | Noticed an anaconda
 21754 | Snake:2  | Reached XP level 14. HP: 62/82 MP: 23/23
 21766 | Snake:2  | Reached skill level 5 in Necromancy
 21931 | Snake:2  | Reached skill level 5 in Axes
 22242 | Snake:2  | Slain by a naga warrior

Illustrated notes

Levels and vault maps discovered:
D:1:      saegor_arrival_fortress, layout_basic
D:2:      layout_basic, first_ration, uniq_robin
D:3:      layout_rooms, lemuel_coloured_pillars_altar
D:4:      layout_rooms, minmay_temple_entry_wispy, fedhas_altar_2
D:5:      lemuel_ratsnest, layout_gridville, lemuel_round_altar,
          gammafunk_ghost_grave, chequers_serial_rivers_marsh, nicolae_sextant
D:6:      layout_cave_pods
D:7:      layout_basic, yredelemnul_altar_generic, serial_shops,
          nicolae_shop_behind_doors
D:8:      layout_loops_ring, overflow_temple_1_default
D:9:      layout_big_octagon, grunt_ogre_cave, grunt_ministairs_2,
          nicolae_benzene_ring
D:10:     layout_grid_maze, nicolae_two_hexagons
D:11:     layout_cave_pools, grunt_lair_entry_orc_guard_hut,
          gammafunk_ghost_cemetery, serial_shops, shop
D:12:     layout_basic, drop_trap, uniq_azrael
Temple:   nicolae_temple_no_exploring_needed
Lair:1:   layout_misc_corridors
Lair:2:   layout_gridlike, uniq_maggie
Lair:3:   layout_regular_city, elwin_shoals_entry_stream
Lair:4:   layout_hall_layers, minmay_snake_entry_guardpost_medium,
          gammafunk_ghost_hive, chequers_serial_rivers_micro_e
Lair:5:   layout_roguey, columned_hall_lemuel, beast_lair_carwin_2
Lair:6:   minmay_lair_end_enchanted_forest, layout_hall_layers,
          nicolae_slime_entry_slimehenge
Snake:1:  layout_grid_maze, drop_trap, grunt_ministairs_4
Snake:2:  layout_honeycomb, serial_shops, nicolae_shop_waterfront,
          serial_bayou_shore_b
Snake:3:  layout_rooms

Skill      XL: |  1  2  3  4  5  6  7  8  9 10 11 12 13 14 |
---------------+-------------------------------------------+-----
Evocations     | 4 5 6 7 8 |  8.3
Stealth        | 2 3 4 5 6 7 8 9 |  9.4
Short Blades   | 2 3 4 5 6 8 10 11 12 | 12.0
Throwing       | 1 2 3 4 5 6 |  6.4
Dodging        | 3 4 5 6 7 8 |  8.0
Armour         | 1 2 4 5 6 |  6.2
Spellcasting   | 1 2 3 4 5 6 |  6.3
Fighting       | 2 3 4 5 6 7 |  7.2
Axes           | 1 2 3 4 5 |  5.0
Summonings     | 1 3 4 5 |  5.2
Necromancy     | 1 3 4 5 |  5.0
Shields        | 1 2 4 |  4.2
Invocations    | 1 2 3 |  3.8
Conjurations   | 2 |  2.4
Air Magic      | 2 3 |  3.2
Hexes          | 1 |  1.8
Translocations | 1 2 |  2.0

Action                   |  1- 3 |  4- 6 |  7- 9 | 10-12 | 13-15 || total
-------------------------+-------+-------+-------+-------+-------++-------
Melee: Short sword       |    90 |   201 |   538 |  1035 |   466 ||  2330
       War axe           |       |    18 |       |       |       ||    18
       Dagger            |       |     3 |    94 |       |       ||    97
Throw: Dart              |       |    12 |       |    38 |    49 ||    99
       Boomerang         |       |       |       |    50 |       ||    50
 Cast: Animate Skeleton  |       |       |       |    49 |    28 ||    77
       Call Imp          |       |       |       |     8 |     9 ||    17
       Apportation       |       |       |       |       |     5 ||     5
Invok: Heroism           |       |       |       |    21 |    19 ||    40
Evoke: Wand              |       |     3 |     6 |     5 |     4 ||    18
  Use: Scroll            |       |    14 |     6 |    14 |     2 ||    36
       Potion            |       |       |     3 |     4 |     3 ||    10
 Stab: Sleeping          |     8 |     5 |     2 |    22 |     6 ||    43
       Distracted        |       |       |       |     5 |     6 ||    11
       Invisible         |       |       |       |       |     1 ||     1
  Eat: Chunk             |     9 |     9 |    11 |    31 |    11 ||    71
       Ration            |       |       |       |       |     1 ||     1
Armor: Leather armour    |     9 |       |       |       |       ||     9
       Ring mail         |     7 |    81 |    28 |    18 |       ||   134
       Chain mail        |       |       |   197 |    58 |       ||   255
       Troll leather arm |       |       |       |   107 |       ||   107
       Acid dragon scale |       |       |       |     4 |    67 ||    71
Dodge: Dodged            |    56 |   195 |   217 |   394 |   197 ||  1059
Block: Other             |       |       |   124 |    53 |       ||   177
       Buckler           |       |       |       |   238 |   157 ||   395
       Reflection        |       |       |       |     4 |    15 ||    19
